Map: Efflorescence LE

Players

Massa - Winner!

  • Race: Terran Terran
  • League: Platinum
  • Spawn Location: 9:00

qqq - Winner!

  • Race: Zerg Zerg
  • Spawn Location: 6:00

Jooot

  • Race: Zerg Zerg
  • League: Diamond
  • Spawn Location: 12:00

Seamusjack

  • Race: Terran Terran
  • League: Diamond
  • Spawn Location: 3:00

VOD

Have the link to the VOD?

Description

Time

  • Played on: March 6, 2021, 1:53 p.m.
  • Length: 1:39
Show
View Real Time Build Order
Export as new Build Order

Massa Terran - Winner!

Build Orders:  

Get SALT Encoding   

  12  0:00  SCV  
  13  0:12  SCV  
  14  0:18  Supply Depot  
  14  0:24  SCV  
  15  0:40  SCV  
  17  1:03  SCV  
  16  1:15  SCV  
Show
View Real Time Build Order
Export as new Build Order

qqq Zerg - Winner!

Build Orders: Pool Only 

Get SALT Encoding   

  12  0:01  Drone  
  13  0:15  Drone  
  13  0:18  Overlord  
  14  0:49  Spawning Pool  
  13  0:53  Drone x2  
  13  0:55  Drone  
  16  1:02  Extractor  
  15  1:09  Drone  
  16  1:22  Drone  
Show
View Real Time Build Order
Export as new Build Order

Jooot Zerg 

Build Orders:  

Get SALT Encoding   

  12  0:05  Drone  
Show
View Real Time Build Order
Export as new Build Order

Seamusjack Terran 

Build Orders:  

Get SALT Encoding   

  12  0:03  SCV  
Tags
 
Add a new tag
Caveats
  • Supply blocks, unpowered buildings, or Contaminate may cause inaccurate times.
  • Supply counts are checked every 10 seconds.